 Dungeon Crawl Stone Soup version 0.22-a0-417-g1387785b41 (webtiles) character file.

170 GordonOverkill the Skirmisher (level 5, 0/48 HPs)
             Began as a Hill Orc Transmuter on May 15, 2018.
             Killed from afar by Ijyb (22 damage)
             ... with a wand of acid (5)
             ... on level 3 of the Dungeon.
             The game lasted 00:11:10 (5079 turns).

GordonOverkill the Skirmisher (Hill Orc Transmuter) Turns: 5079, Time: 00:11:11

Health: 0/48       AC:  9    Str: 14    XL:     5   Next: 50%
Magic:  7/7        EV:  6    Int: 16    God:
Gold:   126        SH:  0    Dex: 11    Spells: 6/7 levels left

rFire    . . .     SeeInvis .   p - +0 hand axe
rCold    . . .     Gourm    .   (no shield)
rNeg     . . .     Faith    .   h - +0 chain mail
rPois    .         Spirit   .   g - +0 hat
rElec    .         Reflect  .   (no cloak)
rCorr    .         Harm     .   (no gloves)
MR       .....                  m - +1 pair of boots
Stlth    ..........             (no amulet)
HPRegen  0.16/turn              j - +3 ring of protection
MPRegen  0.10/turn              e - +3 ring of intelligence

@: corroded
A: no striking features
a: no special abilities


You were on level 3 of the Dungeon.
You were not hungry.

You visited 1 branch of the dungeon, and saw 3 of its levels.

You collected 126 gold pieces.

Inventory:

Hand Weapons
 p - a +0 hand axe (weapon)
Missiles
 a - 59 arrows
Armour
 b - a +0 plate armour
 g - a +0 hat (worn)
 h - a +0 chain mail (worn)
 m - a +1 pair of boots (worn)
Jewellery
 e - a +3 ring of intelligence (right hand)
 j - a +3 ring of protection (left hand)
Wands
 o - a wand of flame (20)
Potions
 c - 2 potions of brilliance
 f - a potion of curing
 i - a potion of ambrosia {unknown}
 k - a potion of berserk rage {unknown}
 n - a potion of might {unknown}
 q - a potion of degeneration {unknown}
 s - a potion of heal wounds {unknown}
Comestibles
 d - 4 rations
 l - 2 chunks of flesh


   Skills:
 - Level 5.0 Fighting
 * Level 3.4 Axes
 - Level 2.0 Dodging
 - Level 3.2 Unarmed Combat
 - Level 1.5 Spellcasting
 - Level 1.3 Transmutations


You had 6 spell levels left.
You knew the following spells:

 Your Spells              Type           Power        Failure   Level  Hunger
a - Beastly Appendage     Tmut           #.....       98%         1    ##.....

Your spell library contained the following spells:

 Spells                   Type           Power        Failure   Level  Hunger
 Spider Form              Tmut/Pois      #.........   100%        3    ####...
 Blade Hands              Tmut           #.........   100%        5    ######.
 Ice Form                 Ice/Tmut       #.......     100%        4    #####..
 Sticks to Snakes         Tmut           #.......     99%         2    ###....


Dungeon Overview and Level Annotations

Branches:
Dungeon (3/15)

Altars:
Cheibriados
Kikubaaqudgha

Annotations:
D:2 1 exclusion, Sigmund
D:3 Ijyb


Message History

Aiming: Throw Flame
Press: ? - help, Shift-Dir - straight line, f - Ijyb
Aim: Ijyb, wielding a dagger and wearing a leather armour The puff of flame misses Ijyb.
Evoke which item? (* to show all) (? for menu, Esc to quit)
Aiming: Throw Flame
Press: ? - help, Shift-Dir - straight line, f/p - Ijyb
Aim: Ijyb, wielding a dagger and wearing a leather armour The puff of flame hits Ijyb.
Ijyb appears unharmed.
You closely miss Ijyb. Ijyb hits you with a dagger.
You miss Ijyb.
Ijyb zaps a wand.
The bolt of acid hits you!
You are splashed with acid!
The acid burns!
It is a wand of acid (6).
You hit Ijyb but do no damage. Ijyb hits you but does no damage.
You barely miss Ijyb.
Ijyb zaps a wand.
The bolt of acid hits you! The acid corrodes you!
You are splashed with acid!
The acid burns!
You are too injured to fight recklessly!
Okay, then.
You aren't carrying any scrolls.
Ijyb zaps a wand.
The bolt of acid hits you!
You die...

#.........# #........###.#.###.
#.........#####..................
#..................#'#########...
#..................).............
#>...............................
#...##.#########.#.#########.....
#..###...# #.(((#.###### #.#...
#..#####.# #.##........####.#.##
#......#(# #.##@#.........#.....
##.#...#)####.##.#.........##....
#.#........#.##g#.........###...
##.#........#.##.#.........# #...
............#'##.#...####### #...
##.##..........#.##### ########.#
...#...........#.................
...####........################.#
...#<.'........'...# #### #..


You could see Ijyb.

Vanquished Creatures
  8 adders
  4 worms
  2 dart slugs (D:1)
  2 orcs (D:3)
  5 giant cockroaches
  12 goblins
  8 hobgoblins
  4 jackals
  2 quokkas
  8 bats
  3 frilled lizards
  11 kobolds
  8 rats
77 creatures vanquished.

Notes
Turn   | Place    | Note
-------+----------+-------------------------------------------
     0 | D:1      | GordonOverkill the Hill Orc Transmuter began the quest for the Orb.
     0 | D:1      | Reached XP level 1. HP: 16/16 MP: 3/3
   250 | D:1      | Reached skill level 2 in Fighting
   250 | D:1      | Reached XP level 2. HP: 18/24 MP: 2/4
   914 | D:1      | Reached skill level 3 in Fighting
   914 | D:1      | Reached XP level 3. HP: 31/31 MP: 5/5
  1130 | D:2      | Noticed Sigmund
  2619 | D:2      | Reached skill level 4 in Fighting
  2811 | D:2      | Reached XP level 4. HP: 19/41 MP: 6/6
  3031 | D:2      | Found a snail-covered altar of Cheibriados.
  3269 | D:2      | Found an ancient bone altar of Kikubaaqudgha.
  3821 | D:3      | Reached skill level 1 in Axes
  4230 | D:3      | Reached XP level 5. HP: 26/47 MP: 7/7
  4996 | D:3      | Reached skill level 5 in Fighting
  5068 | D:3      | Noticed Ijyb
  5079 | D:3      | Killed from afar by Ijyb

Vault maps used:
D:1:      dpeg_arrival_brainrot
D:2:      overflow_temple_1_default, first_ration, cheibriados_altar_1,
          uniq_sigmund
D:3:      grunt_decor_arrowhead, hangedman_decor_lopped,
          mrwooster_statue_mirror, uniq_ijyb

Skill      XL: |  1  2  3  4  5 |
---------------+----------------+-----
Fighting       | 2 3 4 5 |  5.0
Dodging        | 2 |  2.0
Axes           | 2 3 |  3.4
Unarmed Combat | |  3.2
Spellcasting   | |  1.5
Transmutations | |  1.3

Action                   |  1- 3 |  4- 6 || total
-------------------------+-------+-------++-------
Melee: Unarmed           |    36 |       ||    36
       Punch             |     3 |     1 ||     4
       Whip              |   161 |    20 ||   181
       Kick              |     1 |       ||     1
       Hand axe          |       |   225 ||   225
 Cast: Beastly Appendage |     4 |       ||     4
Evoke: Wand              |       |     2 ||     2
  Use: Scroll            |     1 |     5 ||     6
  Eat: Chunk             |     3 |     8 ||    11
       Ration            |     1 |       ||     1
Armor: Robe              |    14 |       ||    14
       Chain mail        |   125 |   178 ||   303
Dodge: Dodged            |    98 |    87 ||   185

Table legend:
 A = Spawn XP
 B = Non-spawn XP
 C = Spawn XP percentage of total XP
 D = Spawn monster count
 E = Non-spawn monster count
 F = Spawn count percentage of total count
 G = Total turns spent on level
                    A         B        C        D         E        F      G
               +---------+---------+-------+---------+---------+-------+---------
         Total |       0 |     243 |   0.0 |       0 |      77 |   0.0 |  5079
               +---------+---------+-------+---------+---------+-------+---------
           D:1 |       0 |      56 |   0.0 |       0 |      21 |   0.0 |  1846
           D:2 |       0 |      64 |   0.0 |       0 |      24 |   0.0 |  2070
           D:3 |       0 |     123 |   0.0 |       0 |      32 |   0.0 |  1163
               +---------+---------+-------+---------+---------+-------+---------
